 Dungeon Crawl Stone Soup version 0.31-a0-640-g39d97e502b (webtiles) character file.

Game seed: 12022280981313468128

14 qw the Shooter (level 2, -1/17 HPs)
             Began as a Gargoyle Hunter on Aug 27, 2023.
             Slain by a hobgoblin (4 damage)
             ... on level 2 of the Dungeon.
             The game lasted 00:00:13 (894 turns).

qw the Shooter (Gargoyle Hunter)                     Turns: 894, Time: 00:00:13

Health: -1/17      AC:  5    Str: 14    XL:     2   Next: 41%
Magic:  2/2        EV: 11    Int:  9    God:
Gold:   32         SH:  0    Dex: 13    Spells: 1/1 levels left

rFire   . . .        Y - +1 shortbow
rCold   . . .        (shield currently unavailable)
rNeg    + . .        c - +0 leather armour
rPois   inf          (no helmet)
rElec   +            f - scarf {repulsion}
rCorr   .            (no gloves)
SInv    .            (no boots)
Will    .....        (no amulet)
Stlth   +            (no ring)
HPRegen 0.22/turn    (no ring)
MPRegen 0.08/turn

%: repel missiles
@: no status effects
A: sickness immunity, AC +2, negative energy resistance 1, electricity
resistance, torment resistance 1, petrification resistance
a: no special abilities


You were on level 2 of the Dungeon.
You visited 1 branch of the dungeon, and saw 2 of its levels.

You collected 32 gold pieces.


Innate Abilities, Weirdness & Mutations

You are immune to sickness and miasma.
Your stone body is resilient. (AC +2)
You are immune to poison.
You resist negative energy. (rN+)
You are resistant to electric shocks. (rElec)
You are resistant to unholy torment.
You are immune to petrification.


   Skills:
 - Level 2.1 Fighting
 + Level 4.6 Ranged Weapons
 - Level 1.5 Dodging
 - Level 1.1 Stealth


You had one spell level left.
You didn't know any spells.
Your spell library was empty.

Inventory:

Hand Weapons
 Y - a +1 shortbow (weapon)
Armour
 c - a +0 leather armour (worn)
 f - a scarf of repulsion (worn)
Scrolls
 a - a scroll of identify
Potions
 d - a potion of curing {unknown}
 e - a potion of mutation {unknown}

Dungeon Overview and Level Annotations

Branches:
Dungeon (2/15)

Altars:


Message History

You shoot an arrow. The arrow misses the adder.
The adder closely misses you. The hobgoblin hits you.
You shoot an arrow. The arrow hits the adder.
The adder is moderately wounded.
The adder barely misses you. The hobgoblin closely misses you.
The adder bites you but does no damage.
You shoot an arrow. The arrow barely misses the adder.
The hobgoblin closely misses you. The adder barely misses you.
The hobgoblin hits you but does no damage.
The adder bites you.
You shoot an arrow. The arrow completely misses the adder.
The adder bites you but does no damage. The hobgoblin barely misses you.
You shoot an arrow. The arrow hits the adder.
The adder is almost dead.
The adder closely misses you.
The hobgoblin hits you but does no damage.
The adder barely misses you.
You shoot an arrow. The arrow misses the adder.
The hobgoblin hits you but does no damage.
The adder closely misses you.
You shoot an arrow. The arrow closely misses the adder.
The adder bites you but does no damage. The hobgoblin hits you.
The adder bites you but does no damage.
You shoot an arrow. The arrow barely misses the adder.
The hobgoblin hits you but does no damage.
The adder closely misses you.
You shoot an arrow. The arrow barely misses the adder.
The hobgoblin hits you. The adder barely misses you.
The hobgoblin completely misses you. The adder bites you but does no damage.
You shoot an arrow. The arrow barely misses the adder.
The adder bites you but does no damage. The hobgoblin hits you.
A rat comes into view.
You shoot an arrow. The arrow barely misses the adder.
The adder bites you but does no damage.
The hobgoblin hits you but does no damage.
The adder bites you but does no damage.
You shoot an arrow. The arrow hits the adder.
You kill the adder!
The hobgoblin hits you.
You die...

#... #...###.. ..##
#......... ....
#......... .....
#........ .....
#......# ......
#......###...$..
#......@........
#######......#g......#
#<..........#.........
#######...........r...
#.#.......###...
###.......# ..
#....###>.+ . #....#
.## #....# +#


You could see a hobgoblin and a rat.

Vanquished Creatures
  An adder (D:2)
  2 bats (D:1)
  An endoplasm (D:1)
  2 goblins
  2 hobgoblins
  A quokka (D:1)
  A ball python (D:1)
  A frilled lizard (D:1)
  3 rats (D:1)
14 creatures vanquished.

Notes
Turn   | Place    | Note
-------+----------+-------------------------------------------
     0 | D:1      | qw the Gargoyle Hunter began the quest for the Orb.
     0 | D:1      | Reached XP level 1. HP: 12/12 MP: 1/1
     0 | D:1      | 0 ||| qw: Version: 0.3-a-74-g0d5e918
     0 | D:1      | 0 ||| qw: Game counter: 64
     0 | D:1      | 0 ||| qw: Melee chars always use a shield: true
     0 | D:1      | 0 ||| qw: God list: Okawaru
     0 | D:1      | 0 ||| qw: Allow faded altars: false
     0 | D:1      | 0 ||| qw: Do Orc after clearing Dungeon:15 true
     0 | D:1      | 0 ||| qw: Do second Lair branch before Depths: true
     0 | D:1      | 0 ||| qw: Lair rune preference: random
     0 | D:1      | 0 ||| qw: Goals: Normal
     0 | D:1      | 0 ||| PLANNING D:1-11
    80 | D:1      | 80 ||| DROPPING scroll of butterflies.
   119 | D:1      | Reached XP level 2. HP: 17/17 MP: 2/2
   834 | D:1      | 834 ||| UPGRADING to scarf of repulsion.
   839 | D:1      | 839 ||| READING 2 scrolls labelled WOXEPPEVUR.
   840 | D:1      | 840 ||| READING scroll labelled CADDOF HOAX.
   841 | D:1      | 841 ||| READING scroll labelled SEHID RAOHE.
   875 | D:2      | 875 ||| Stepping ~*~*~tactically~*~*~ (retreating).
   876 | D:2      | 876 ||| Stepping ~*~*~tactically~*~*~ (retreating).
   892 | D:2      | HP: 3/17 [hobgoblin (2)]
   894 | D:2      | Slain by a hobgoblin

Levels and vault maps discovered:
D:1:      dpeg_arrival_rooms_c, layout_basic,
          nicolae_concentric_dashed_squares_wild, chequers_big_river
D:2:      layout_basic, hex_intersection

Action                     || total
---------------------------++-------
   Fire: Shortbow          ||    40
    Use: Scroll            ||     3
 Armour: Leather armour    ||    18
  Dodge: Dodged            ||    25

Table legend:
 A = Non-vault XP
 B = Vault XP
 C = Vault XP percentage of total XP
 D = Non-vault monster count
 E = Vault monster count
 F = Vault count percentage of total count
                 A         B        C        D         E       F
            +---------+---------+-------+---------+---------+-------
      Total |      33 |       0 |   0.0 |      14 |       0 |   0.0
            +---------+---------+-------+---------+---------+-------
        D:1 |      16 |       0 |   0.0 |      11 |       0 |   0.0
        D:2 |      17 |       0 |   0.0 |       3 |       0 |   0.0
            +---------+---------+-------+---------+---------+-------
